 Dungeon Crawl Stone Soup version 0.22-a0-38-gc6ec8ce517 (webtiles) character file.

29 Kaname the Magician (level 3, 24/24 HPs)
             Began as a Demonspawn Wizard on Jan 4, 2018.
             Quit the game on level 2 of the Dungeon.
             The game lasted 00:01:38 (1244 turns).

Kaname the Magician (Demonspawn Wizard)             Turns: 1244, Time: 00:01:39

Health: 24/24      AC:  5    Str:  7    XL:     3   Next: 1%
Magic:  7/7        EV: 12    Int: 20    God:
Gold:   60         SH:  0    Dex: 13    Spells: 5/8 levels left

rFire    . . .     SeeInvis .   n - +0 quarterstaff
rCold    . . .     Gourm    .   (shield currently unavailable)
rNeg     . . .     Faith    .   a - +0 robe
rPois    .         Spirit   .   b - +0 hat
rElec    .         Reflect  .   i - +2 cloak
rCorr    .         Harm     .   (no gloves)
MR       .....                  (no boots)
Stlth    ++........             (no amulet)
HPRegen  0.08/turn              (no ring)
MPRegen  0.10/turn              (no ring)

@: no status effects
A: antennae 1, thin skeletal structure 1
a: no special abilities


You were on level 2 of the Dungeon.
You were hungry.

You visited 1 branch of the dungeon, and saw 2 of its levels.

You collected 60 gold pieces.

Inventory:

Hand Weapons
 n - a +0 quarterstaff (weapon)
Missiles
 f - 21 arrows
Armour
 a - a +0 robe (worn)
 b - a +0 hat (worn)
 i - a +2 cloak (worn)
Scrolls
 e - a scroll of amnesia {unknown}
 g - 2 scrolls of remove curse {unknown}
 h - 2 scrolls of identify {unknown}
 j - a scroll of noise {unknown}
 m - a scroll of blinking {unknown}
 o - a scroll of fog {unknown}
Potions
 k - a potion of degeneration {unknown}
 l - a potion of curing {unknown}
Books
 c - a book of Minor Magic

   Spells                             Type                      Level
   a - Magic Dart                     Conjuration                  1
   b - Blink                          Translocation                2
   c - Call Imp                       Summoning                    2
   d - Slow                           Hexes                        2
   e - Conjure Flame                  Conjuration/Fire             3
   f - Mephitic Cloud                 Conjuration/Poison/Air       3
Comestibles
 d - 4 rations


   Skills:
 - Level 1.7 Dodging
 - Level 1.7 Stealth
 - Level 3.0 Spellcasting
 - Level 3.0 Conjurations
   Level 1.0 Summonings
 + Level 0.9 Translocations


You had 5 spell levels left.
You knew the following spells:

 Your Spells              Type           Power        Failure   Level  Hunger
a - Magic Dart            Conj           ###.         4%          1    None
b - Blink                 Tloc           N/A          14%         2    ##.....


Dungeon Overview and Level Annotations

Branches:
Dungeon (2/15)

Altars:


Innate Abilities, Weirdness & Mutations

You have a pair of small antennae on your head.
You have a somewhat thin skeletal structure. (Dex +2, Stealth)


Message History

Your Conjurations skill increases to level 3!
Unknown command.
There is an open door here.
You open the door.
There is an open door here.
o - a scroll labeled WAITOC EMAACS A goblin comes into view.
It is wielding a dagger.
The goblin shouts!
A goblin is nearby!
A goblin is nearby!
A goblin is nearby!
The goblin barely misses you.
You sock the goblin!
You kill the goblin!
You have reached level 3!
Your experience leads to an increase in your attributes!
Increase (S)trength, (I)ntelligence, or (D)exterity?
You feel clever.
Your demonic ancestry asserts itself...
Your bones become slightly less dense.
Are you sure you want to abandon this character and quit the game? (Confirm with "yes".)

### ..# #.# #.# #)#
#@#########
#.#........####
##.####.......## ##+# ##
#.........# ##...##
#..##.##..# ##.....##
#..##.##..# ##.......##
#..##.##..#
#.........####...#.##..#
+.........'............#


There were no monsters in sight!

Vanquished Creatures
  An ooze (D:1)
  A leopard gecko (D:2)
  A ball python (D:1)
  2 bats
  7 goblins
  3 hobgoblins
  2 kobolds
  3 frilled lizards
  A rat (D:2)
21 creatures vanquished.

Notes
Turn   | Place    | Note
-------+----------+-------------------------------------------
     0 | D:1      | Kaname the Demonspawn Wizard began the quest for the Orb.
     0 | D:1      | Reached XP level 1. HP: 13/13 MP: 4/4
   146 | D:1      | Gained mutation: You have a pair of small antennae on your head. [demonic ancestry]
   146 | D:1      | Reached XP level 2. HP: 19/19 MP: 0/6
   802 | D:2      | Learned a level 2 spell: Blink
  1243 | D:2      | Gained mutation: You have a somewhat thin skeletal structure. (Dex +2, Stealth) [demonic ancestry]
  1243 | D:2      | Reached XP level 3. HP: 24/24 MP: 7/7
  1244 | D:2      | Quit the game

Vault maps used:
D:1:      grunt_arrival_crossed_arrows
D:2:      minitemple

Skill      XL: |  1  2 |
---------------+-------+-----
Conjurations   | 2 3 |  3.0
Dodging        | |  1.7
Stealth        | |  1.7
Spellcasting   | |  3.0
Summonings     | |  1.0
Translocations | |  0.9

Action                   || total
-------------------------++-------
Melee: Unarmed           ||     2
       Quarterstaff      ||     1
 Cast: Magic Dart        ||    34
Dodge: Dodged            ||     3

Table legend:
 A = Spawn XP
 B = Non-spawn XP
 C = Spawn XP percentage of total XP
 D = Spawn monster count
 E = Non-spawn monster count
 F = Spawn count percentage of total count
 G = Total turns spent on level
                    A         B        C        D         E        F      G
               +---------+---------+-------+---------+---------+-------+---------
         Total |       0 |      42 |   0.0 |       0 |      21 |   0.0 |  1244
               +---------+---------+-------+---------+---------+-------+---------
           D:1 |       0 |      27 |   0.0 |       0 |      12 |   0.0 |   788
           D:2 |       0 |      15 |   0.0 |       0 |       9 |   0.0 |   456
               +---------+---------+-------+---------+---------+-------+---------
